Map: Lightshade LE

Players

ShoWTimE - Winner!

  • Race: Protoss Protoss
  • League: Master
  • Spawn Location: 11:00

uwuThermal (uThermal)

  • Race: Terran Terran
  • Spawn Location: 5:00

Event: DreamHack SC2 Masters 2020 Winter

VOD

Have the link to the VOD?

Description

Time

  • Played on: Nov. 5, 2020, 1:03 p.m.
  • Length: 10:41

All games in this series

Show
View Real Time Build Order
Export as new Build Order

ShoWTimE Protoss - Winner!

Build Orders: 1 Gate Expand, Oracle Opening, Phoenix Opening 

Get SALT Encoding   

  12  0:00  Probe  
  13  0:12  Probe  
  14  0:17  Pylon  
  14  0:24  Probe (Chrono Boost)  
  15  0:36  Probe (Chrono Boost)  
  15  0:37  Gateway  
  16  0:44  Probe (Chrono Boost)  
  16  0:47  Assimilator  
  17  0:51  Probe  
  18  1:03  Probe  
  19  1:15  Probe  
  20  1:23  Nexus  
  20  1:32  Cybernetics Core  
  20  1:36  Probe  
  21  1:42  Assimilator  
  21  1:49  Probe  
  21  1:52  Pylon  
  22  2:01  Probe  
  23  2:07  Adept (Chrono Boost)  
  22  2:13  Probe  
  25  2:18  Stargate  
  25  2:25  Probe (Chrono Boost)  
  25  2:28  Adept (Chrono Boost)  
  26  2:32  Warp Gate  
  26  2:36  Probe (Chrono Boost)  
  29  2:43  Probe (Chrono Boost)  
  30  2:45  Probe (Chrono Boost)  
  30  2:50  Probe x2 (Chrono Boost), Adept  
  35  3:01  Probe, Oracle (Chrono Boost)  
  35  3:02  Probe  
  40  3:09  Gateway  
  40  3:15  Gateway  
  40  3:23  Pylon  
  40  3:25  Probe x2  
  42  3:28  Oracle (Chrono Boost)  
  45  3:37  Probe  
  46  3:42  Probe  
  46  3:43  Pylon  
  47  3:49  Probe  
  47  3:54  Probe  
  49  3:59  Phoenix  
  49  4:01  Probe  
  51  4:06  Probe  
  52  4:13  Probe  
  53  4:18  Probe  
  49  4:24  Phoenix (Chrono Boost)  
  49  4:26  Probe  
  49  4:30  Probe  
  53  4:33  Stalker x2  
  53  4:38  Probe  
  58  4:42  Probe  
  59  4:47  Nexus  
  59  4:50  Probe, Pylon, Assimilator  
  60  4:53  Assimilator  
  60  4:54  Probe  
  60  4:57  Pylon  
  61  5:02  Probe  
  62  5:09  Probe  
  62  5:12  Forge  
  62  5:13  Twilight Council  
  63  5:14  Probe  
  63  5:15  Sentry, Pylon  
  66  5:21  Probe  
  66  5:25  Shield Battery  
  66  5:26  Probe  
  66  5:28  Blink (Chrono Boost)  
  68  5:33  Probe  
  69  5:38  Probe  
  69  5:40  Gateway  
  69  5:41  Gateway, Protoss Ground Weapons Level 1 (Chrono Boost)  
  70  5:45  Probe  
  71  5:50  Probe  
  71  5:53  Sentry  
  71  5:54  Sentry  
  76  5:57  Probe  
  76  6:01  Probe, Gateway  
  78  6:09  Gateway  
  78  6:12  Gateway  
  78  6:15  Pylon  
  78  6:17  Probe x3  
  81  6:22  Pylon  
  81  6:27  Sentry  
  81  6:29  Probe x3  
  81  6:32  Stalker  
  88  6:40  Stalker x3  
  88  6:41  Probe  
  88  6:44  Robotics Facility  
  95  6:50  Stalker  
  97  6:56  Shield Battery  
  97  6:58  Pylon  
  97  6:59  Stalker x2  
  101  7:03  Pylon  
  101  7:04  Stalker  
  101  7:06  Phoenix  
  103  7:09  Stalker x2  
  107  7:15  Stalker x2  
  107  7:16  Charge (Chrono Boost)  
  107  7:19  Stalker  
  110  7:23  Probe x3  
  113  7:31  Assimilator  
  113  7:34  Assimilator  
  113  7:35  Probe x3  
  113  7:37  Protoss Ground Armor Level 1 (Chrono Boost)  
  116  7:38  Robotics Bay  
  116  7:41  Observer  
  116  7:42  Photon Cannon  
  117  7:47  Probe  
  117  7:49  Phoenix  
  118  7:57  Stalker  
  120  7:59  Pylon  
  120  8:01  Zealot x6  
  120  8:03  Pylon  
  120  8:04  Pylon  
  132  8:13  Shield Battery x2  
  129  8:20  Pylon  
  129  8:25  Colossus (Chrono Boost)  
  129  8:26  Extended Thermal Lance (Chrono Boost)  
  129  8:30  Zealot x4  
  143  8:37  Stalker x2  
  143  8:39  Probe  
  148  8:52  Robotics Facility  
  148  8:53  Pylon  
  146  8:58  Zealot x6  
  158  9:07  Shield Battery  
  158  9:08  Shield Battery  
  164  9:13  Colossus (Chrono Boost)  
  164  9:14  Zealot x2  
  156  9:28  Stalker x5  
  160  9:38  Disruptor (Chrono Boost)  
  158  9:43  Stalker x3  
  167  9:52  Stalker, Zealot x3  
  165  9:56  Zealot  
  169  10:07  Zealot x2  
  161  10:21  Zealot x2  
  161  10:22  Zealot x3  
  147  10:31  Zealot x3  
Show
View Real Time Build Order
Export as new Build Order

uwuThermal Terran 

Build Orders: 1/1/1, Hellion Opening 

Get SALT Encoding   

  12  0:00  SCV  
  13  0:12  SCV  
  14  0:17  Supply Depot  
  14  0:24  SCV  
  15  0:38  SCV  
  15  0:40  Barracks  
  16  0:43  Refinery  
  16  0:50  SCV  
  16  0:52  Refinery  
  17  1:03  SCV  
  18  1:15  SCV  
  19  1:27  Marine  
  19  1:28  Orbital Command  
  20  1:35  Factory  
  20  1:42  Supply Depot  
  20  1:46  Barracks Reactor  
  20  1:54  SCV  
  21  2:06  SCV  
  22  2:12  Supply Depot  
  22  2:18  Starport  
  22  2:19  SCV  
  23  2:25  Hellion x2  
  27  2:31  SCV  
  28  2:43  SCV  
  29  2:46  Hellion x2  
  33  2:51  Supply Depot  
  33  2:57  SCV  
  33  3:08  Hellion x2  
  37  3:20  Medivac  
  39  3:27  Command Center  
  39  3:33  SCV  
  40  3:35  Marine, Factory Tech Lab  
  40  3:38  Marine  
  42  3:45  SCV  
  42  3:46  Supply Depot  
  43  3:53  Marine  
  44  3:55  Marine  
  46  4:06  SCV  
  46  4:08  Cyclone  
  47  4:11  Marine  
  48  4:17  Marine  
  48  4:19  SCV  
  48  4:30  Barracks  
  48  4:31  Barracks  
  48  4:36  SCV  
  49  4:44  Marine x2  
  43  4:48  SCV  
  43  4:52  Factory Tech Lab  
  44  4:58  Bunker  
  44  4:59  Orbital Command  
  44  5:00  SCV  
  44  5:02  Marine  
  44  5:05  Marine  
  47  5:12  SCV  
  48  5:23  Engineering Bay, Marine  
  48  5:24  SCV  
  48  5:27  SCV, Stimpack, Marauder  
  53  5:32  Marauder  
  53  5:33  Combat Shield  
  53  5:34  Starport Reactor  
  55  5:36  SCV  
  55  5:39  SCV  
  55  5:41  Factory Reactor  
  57  5:47  Marine x2  
  57  5:48  SCV  
  57  5:49  Marauder  
  62  5:50  Terran Infantry Weapons Level 1  
  62  5:52  SCV  
  62  5:53  Supply Depot  
  62  5:57  Marauder  
  65  6:00  SCV  
  66  6:04  SCV  
  66  6:05  Marine  
  66  6:08  Supply Depot  
  66  6:10  Marauder  
  70  6:15  SCV, Medivac x2  
  70  6:18  SCV, Refinery  
  76  6:20  Marauder  
  78  6:29  Marine  
  78  6:30  SCV, Supply Depot, Widow Mine x2  
  78  6:32  Marauder  
  86  6:36  Marine  
  86  6:38  SCV  
  86  6:42  Supply Depot  
  86  6:51  SCV x2, Medivac x2, Marine  
  86  6:52  Supply Depot  
  86  6:53  Marine  
  94  7:03  Concussive Shells  
  94  7:04  Marauder, Widow Mine x2  
  94  7:05  Supply Depot  
  94  7:06  SCV  
  94  7:07  Marine  
  102  7:14  Marauder  
  103  7:20  Supply Depot  
  103  7:21  Liberator  
  106  7:24  Liberator  
  106  7:25  Marine  
  106  7:27  Marine x2  
  106  7:29  SCV, Supply Depot  
  113  7:32  Refinery, Widow Mine  
  113  7:35  Marine  
  116  7:43  Supply Depot, Marine  
  117  7:45  Marauder  
  117  7:48  Widow Mine  
  119  7:55  Marauder, Marine  
  122  8:05  Liberator  
  125  8:06  Command Center  
  125  8:09  Liberator  
  125  8:10  Marine  
  129  8:13  Marine  
  129  8:18  Widow Mine  
  129  8:19  Supply Depot  
  132  8:21  Marauder  
  132  8:24  Marauder  
  136  8:28  Marine  
  136  8:32  Supply Depot  
  136  8:33  Widow Mine  
  139  8:34  Marine  
  139  8:40  Widow Mine  
  142  8:42  Marine  
  142  8:43  Terran Infantry Armor Level 1  
  142  8:45  Marine  
  144  8:50  Liberator  
  147  8:58  Marine x2  
  147  9:00  Marauder  
  151  9:03  SCV, Supply Depot  
  151  9:04  Marauder  
  154  9:11  SCV  
  154  9:16  Marine x2  
  157  9:21  Marauder  
  157  9:22  Liberator  
  155  9:31  Marauder  
  150  9:34  Marine x2  
  152  9:43  Marauder  
  152  9:47  Liberator  
  152  9:52  Marine x2, Widow Mine  
  154  9:58  Marine  
  156  10:04  Marauder  
  161  10:10  Marauder, Marine  
  162  10:15  Marine  
Tags
 
Add a new tag
Caveats
  • Supply blocks, unpowered buildings, or Contaminate may cause inaccurate times.
  • Supply counts are checked every 10 seconds.